 Dungeon Crawl Stone Soup version 0.27-a0-1217-g8a41f320e8 (webtiles) character file.

Game seed: 12918828136176673377

3 sanka the Charlatan (level 1, 17/17 HPs)
             Began as a Djinni Artificer on June 5, 2021.
             Was an Initiate of Ashenzari.
             Quit the game on level 1 of the Dungeon.
             The game lasted 00:00:48 (285 turns).

sanka the Charlatan (Djinni Artificer)               Turns: 285, Time: 00:00:48

Health: 17/17      AC:  3    Str: 11    XL:     1   Next: 55%
Gold:   0          EV: 11    Int: 12    God:    Ashenzari [......] SH:  0 Dex: 13

rFire    + + .     SeeInvis .   a - +0 club
rCold    x . .     Faith    .   (no shield)
rNeg     . . .     Spirit   .   b - +0 leather armour
rPois    ∞         Reflect  .   (no helmet)
rElec    .         Harm     .   (no cloak)
rCorr    .         Rampage  .   (no gloves)
Will     .....                  (boots unavailable)
Stlth    +.........             (no amulet)
HPRegen  0.05/turn              (no ring)
MPRegen  0.00/turn              (no ring)

@: flying
A: sickness immunity, fire resistance 2, cold vulnerability 1, float, innate
caster, hp casting, extra vitality 1
a: Renounce Religion


You were on level 1 of the Dungeon.
You worshipped Ashenzari.
Ashenzari was noncommittal.
You visited 1 branch of the dungeon, and saw 1 of its levels.


Innate Abilities, Weirdness & Mutations

You are immune to sickness and miasma.
You are immune to poison.
Your flesh is very heat resistant. (rF++)
You are vulnerable to cold. (rC-)
You float through the air rather than walking.
You learn spells naturally, not from books.
Your magical power is your life essence.
You have superior vitality. (+4 HP)


   Skills:
 + Level 1.5 Fighting
 - Level 1.0 Armour
 - Level 2.1 Dodging
 - Level 0.7 Stealth
 - Level 3.0 Evocations


You couldn't memorise any spells.
You didn't know any spells.
Your spell library was empty.

Inventory:

Hand Weapons
 a - a +0 club (weapon)
Armour
 b - a +0 leather armour (worn)
Wands
 c - a wand of flame (15) (quivered)
 d - a wand of charming (15)
Potions
 f - a potion of lignification {!q}
Miscellaneous
 e - a piece from Xom's chessboard (15/15)

Dungeon Overview and Level Annotations

Branches:
Dungeon (1/15)

Altars:
Ashenzari

. .♣♣≈ PP≈▒ ▒.▒ ▒▒▒▒ ♣
P≈ P♣≈▒ ▒.▒ ▒... ▒▒+▒
▒.▒▒ ▒▒...▒▒▒▒▒.▒▒
▒▒▒▒▒▒▒▒▒.....▒......
▒...............▒▒..▒
▒▒▒▒.'''''.........▒▒...
.....'''''.........+....
▒..''R''.........▒▒...
▒▒.'''''.........▒▒▒▒▒
▒.'''''▒▒.....▒.▒ ▒
▒......▒▒▒...▒▒.▒▒▒▒▒
▒.▒▒▒▒▒▒ ▒▒'▒▒▒......
▒.▒ ▒.▒ ▒▒▒▒▒▒▒ ▒.▒ ▒.▒
▒.▒ ▒▒.▒▒
▒.▒▒▒▒▒▒▒▒...▒▒


There were no monsters in sight!


Message History

The kobold closely misses you.
You hit the kobold but do no damage.
The kobold is moderately wounded.
The kobold completely misses you. The kobold hits you with a +0 dagger.
You hit the kobold.
You kill the kobold!
No target in view!
No target in view!
You start resting.
HP restored.
You don't know any spells.
Things that are here:
a +0 dagger; 3 stones
Okay, then.
You reach down and open the huge gate.
Found a faded altar of an unknown god.
There is a huge open gate here.
There is a huge open gate here.
There is a faded altar of an unknown god here.
You cannot tell which god this altar belongs to.
Convert to them anyway?
Okay, then.
You cannot tell which god this altar belongs to.
Convert to them anyway?
Ashenzari accepts your prayer! Ashenzari welcomes you!
f - a potion of lignification Ashenzari warns you of distant threats and treasures.
Ashenzari reveals the structure of the dungeon to you.
Ashenzari shows you where magical portals lie.
Ashenzari prevents you from stumbling into unseen traps.
Ashenzari identifies your possessions.
Use which ability? (? or * to list)
Okay, then.
Are you sure you want to abandon this character and quit the game? (Confirm with "yes".)

Action                   || total
-------------------------++-------
Melee: Club              ||    18
 Stab: Sleeping          ||     1
Armor: Leather armour    ||     7
Dodge: Dodged            ||    16

Levels and vault maps discovered:
D:1:      lightli_arrival_farm, layout_loops_corners,
          hellmonk_ecumenical_altar_heavens_door

Notes
Turn   | Place    | Note
-------+----------+-------------------------------------------
     0 | D:1      | sanka the Djinni Artificer began the quest for the Orb.
     0 | D:1      | Reached XP level 1. HP: 17/17 MP: 0/0
   280 | D:1      | Found a faded altar of an unknown god.
   284 | D:1      | Became a worshipper of Ashenzari the Shackled
   285 | D:1      | Quit the game

Vanquished Creatures
  2 jackals (D:1)
  A kobold (D:1)
3 creatures vanquished.
